 Dungeon Crawl Stone Soup version 0.31.0-32-g396128a36d (webtiles) character file.

Game seed: 15482808086718436894

28 PaiMei the Grave Robber (level 2, 0/20 HPs)
             Began as a Demonspawn Necromancer on Apr 6, 2024.
             Succumbed to a kobold's poison
             ... on level 1 of the Dungeon.
             The game lasted 00:01:09 (441 turns).

PaiMei the Grave Robber (Demonspawn Necromancer)     Turns: 441, Time: 00:01:09

Health: 0/20       AC:  2    Str: 12    XL:     2   Next: 96%
Magic:  0/5        EV: 12    Int: 14    God:
Gold:   69         SH:  0    Dex: 12    Spells: 4/5 levels left

rFire   + . .        i - +2 dagger (speed)
rCold   + . .        (no shield)
rNeg    . . .        a - +0 robe
rPois   +            (helmet restricted)
rElec   +            (no cloak)
rCorr   +            (no gloves)
SInv    .            (no boots)
Will    .....        (no amulet)
Stlth   ++           (no ring)
HPRegen 0.23/turn    (no ring)
MPRegen 0.09/turn

%: no passive effects
@: lethally poisoned (0 -> -6), resistant, attractive
A: spiny 1, claws 1, horns 1, sense surroundings 1, strong 1
a: no special abilities


You were on level 1 of the Dungeon.
You visited 1 branch of the dungeon, and saw 1 of its levels.

You collected 69 gold pieces.

Inventory:

Hand Weapons
 c - a +0 dagger
 i - a +2 dagger of speed (weapon)
Armour
 a - a +0 robe (worn)
Scrolls
 e - a scroll of blinking {unknown}
 h - a scroll of identify {unknown}
Potions
 b - a potion of magic


   Skills:
 + Level 0.3 Fighting
 + Level 2.2 Dodging
 - Level 2.1 Stealth
 + Level 2.3 Spellcasting
 + Level 4.7 Necromancy


You had 4 spell levels left.
You knew the following spells:

 Your Spells              Type           Power      Damage    Failure   Level
a - Necrotise             Necr           56%        1d6       3%          1

Your spell library contained the following spells:

 Spells                   Type           Power      Damage    Failure   Level
 Vampiric Draining        Necr           14%        2d7       10%         3
 Animate Dead             Necr           14%        N/A       32%         4
 Curse of Agony           Necr           14%        N/A       67%         5


Dungeon Overview and Level Annotations

Branches:
Dungeon (1/15)

Altars:


Innate Abilities, Weirdness & Mutations

You are partially covered in sharp spines.
You have sharp fingernails.
You have a pair of small horns on your head.
You passively map a small area around you.
Your muscles are strong. (Str +4, Int/Dex -1)


Message History

You are poisoned.
Casting: Necrotise (safe; 3% risk of failure)
Confirm with . or Enter, or press ? or * to list all spells.
Aiming: Necrotise (safe; 3% risk of failure)
Press: ? - help, Shift-Dir - straight line, f/p - kobold
Aim: a kobold, wielding a +2 whip of venom and quivering stones (ally target, chance to affect: 85%)
The kobold barely resists.
You feel very sick. The kobold is struck by your spines.
The kobold hits you with a +2 whip of venom.
You are lethally poisoned!
Your kobold skeleton hits the kobold.
Casting: Necrotise (safe; 3% risk of failure)
Confirm with . or Enter, or press ? or * to list all spells.
You don't have enough magic to cast this spell.
Casting: Necrotise (safe; 3% risk of failure)
Confirm with . or Enter, or press ? or * to list all spells.
You don't have enough magic to cast this spell.
You hit the kobold.
You kill the kobold!
You feel sick.
It was a potion of mutation.
You feel extremely strange.
Your fingernails lengthen.
A pair of horns grows on your head!
You feel a strange attunement to the structure of the dungeons.
You feel stronger.
You feel very sick.
It was a potion of resistance.
You feel protected.
* * * LOW HITPOINT WARNING * * *
You feel sick.
It was a potion of attraction.
You feel attractive to monsters.
* * * LOW HITPOINT WARNING * * *
You feel very sick.
You swap places.
* * * LOW HITPOINT WARNING * * *
You feel sick.
Items here: ( )) †.
Unknown command.
You die...

# ######## ######### .
##......####........ .
##........##.>?....#
#..........#.......##
#.......>Z.#.........
,
#......@)Z...........,
#........Z.#?........
#.?........#.......#.,
##$.......###.####.#
#........###.# ..
#...?.........# * #
#..........#..##### *
#..........#......#
.........#......#


You could see a friendly frilled lizard skeleton, a friendly rat skeleton and a
friendly kobold skeleton.

Vanquished Creatures
  4 bats (D:1)
  2 endoplasms (D:1)
  A giant cockroach (D:1)
  A goblin (D:1)
  3 hobgoblins (D:1)
  2 jackals (D:1)
  3 kobolds (D:1)
  A frilled lizard (D:1)
  4 rats (D:1)
21 creatures vanquished.

Vanquished Creatures (collateral kills)
  An endoplasm (D:1)
  A goblin (D:1)
2 creatures vanquished.

Grand Total: 23 creatures vanquished

Notes
Turn   | Place    | Note
-------+----------+-------------------------------------------
     0 | D:1      | PaiMei the Demonspawn Necromancer began the quest for the
                  | Orb.
     0 | D:1      | Reached XP level 1. HP: 13/13 MP: 3/3
   215 | D:1      | Gained mutation: You are partially covered in sharp spines.
                  | [demonic ancestry]
   215 | D:1      | Reached XP level 2. HP: 19/19 MP: 3/5
   437 | D:1      | Gained mutation: You have sharp fingernails. [potion of
                  | mutation]
   437 | D:1      | Gained mutation: You have a pair of small horns on your
                  | head. [potion of mutation]
   437 | D:1      | Gained mutation: You passively map a small area around you.
                  | [potion of mutation]
   437 | D:1      | Gained mutation: Your muscles are strong. (Str +4, Int/Dex
                  | -1) [potion of mutation]
   441 | D:1      | Succumbed to a kobold's poison

Illustrated notes

Levels and vault maps discovered:
D:1:      dpeg_arrival_refuge, layout_rooms, minmay_hexomino_f4

Skill      XL: |  1 |
---------------+----+-----
Dodging        | 2 |  2.2
Stealth        | 2 |  2.1
Fighting       | |  0.3
Spellcasting   | |  2.3
Necromancy     | |  4.7

Action                     || total
---------------------------++-------
  Melee: Dagger            ||    30
   Cast: Necrotise         ||    24
    Use: Potion            ||     3
 Armour: Robe              ||    24
  Dodge: Dodged            ||    18
